Map: Orbital Shipyard

Players

CaptRaynor - Winner!

  • Race: Protoss Protoss
  • League: Grandmaster

MrLard

  • Race: Terran Terran
  • League: Grandmaster

VOD

Have the link to the VOD?

Description

Time

  • Played on: June 5, 2015, 2:58 a.m.
  • Length: 32:51
Show
View Real Time Build Order
Export as new Build Order

CaptRaynor Protoss - Winner!

Build Orders:  

Get SALT Encoding   

  12  0:01  Probe  
  13  0:17  Pylon  
  13  0:18  Probe  
  14  0:35  Probe (Chrono Boost)  
  15  0:40  Assimilator  
  15  0:45  Probe (Chrono Boost)  
  16  0:52  Probe  
  17  0:57  Gateway  
  17  0:59  Pylon  
  17  1:04  Probe (Chrono Boost)  
  19  1:18  Probe (Chrono Boost)  
  19  1:27  Probe (Chrono Boost)  
  20  1:38  Gateway  
  20  1:39  Probe (Chrono Boost)  
  21  1:43  Pylon  
  21  1:45  Assimilator  
  21  1:56  Probe  
  22  2:04  Nexus  
  22  2:09  Probe  
  23  2:19  Pylon  
  23  2:28  Probe  
  24  2:36  Zealot  
  24  2:37  Cybernetics Core  
  26  2:40  Probe  
  26  2:43  Zealot  
  29  2:56  Probe  
  30  3:06  Pylon  
  30  3:08  Probe  
  31  3:15  Stalker  
  31  3:17  Stalker  
  31  3:19  Warp Gate (Chrono Boost)  
  35  3:22  Probe x2  
  37  3:34  Probe x2  
  39  3:38  Twilight Council  
  39  3:46  Probe x2  
  41  3:57  Pylon  
  41  3:58  Mothership Core  
  41  4:00  Probe  
  44  4:12  Probe  
  45  4:19  Probe  
  45  4:20  Adept x2  
  50  4:28  Gateway  
  50  4:30  Gateway  
  50  4:31  Pylon  
  50  4:58  Probe (Chrono Boost)  
  51  5:00  Shield Upgrade  
  51  5:05  Forge  
  52  5:08  Probe (Chrono Boost)  
  52  5:14  Nexus  
  52  5:15  Probe  
  52  5:19  Pylon  
  53  5:24  Nexus  
  53  5:27  Probe (Chrono Boost)  
  54  5:31  Pylon  
  54  5:38  Assimilator  
  54  5:39  Probe (Chrono Boost)  
  54  5:42  Assimilator  
  55  5:45  Sentry  
  55  5:46  Sentry  
  55  5:48  Probe (Chrono Boost)  
  60  5:52  Protoss Ground Weapons Level 1 (Chrono Boost)  
  60  5:56  Probe  
  60  5:57  Charge  
  61  6:08  Probe  
  61  6:09  Zealot  
  61  6:10  Zealot x2  
  68  6:18  Adept  
  70  6:20  Probe  
  71  6:28  Probe x2  
  71  6:32  Probe  
  72  6:38  Probe  
  73  6:46  Adept  
  73  6:47  Adept x3  
  78  7:07  Photon Cannon  
  78  7:08  Probe x4, Photon Cannon  
  82  7:10  Photon Cannon  
  82  7:23  Probe x4  
  82  7:28  Stalker x2  
  82  7:29  Stalker x2  
  90  7:36  Photon Cannon  
  90  7:37  Photon Cannon  
  90  7:43  Photon Cannon  
  80  8:02  Sentry  
  80  8:03  Sentry  
  80  8:04  Adept x2  
  82  8:10  Probe x4  
  86  8:13  Protoss Ground Weapons Level 2 (Chrono Boost)  
  70  8:42  Adept x4  
  70  8:45  Probe x4  
  82  8:52  Gateway  
  82  8:54  Gateway  
  82  8:57  Gateway  
  82  9:00  Pylon  
  82  9:02  Assimilator  
  82  9:07  Assimilator  
  68  9:13  Adept x3  
  68  9:14  Adept  
  52  9:37  Templar Archives  
  51  9:39  Robotics Facility  
  51  9:42  Pylon  
  51  9:43  Adept  
  51  9:44  Adept x3  
  55  9:48  Probe x2  
  55  9:49  Probe  
  58  10:02  Mothership Core (Chrono Boost)  
  60  10:14  High Templar x4  
  60  10:15  High Templar  
  60  10:17  Zealot  
  60  10:18  Zealot  
  74  10:24  Archon x2  
  65  10:54  Stalker x6  
  43  12:11  High Templar x4  
  43  12:14  Zealot x2  
  55  12:27  Archon x2  
  55  12:37  Psionic Storm  
  55  12:56  Protoss Shields Level 1  
  55  13:06  Zealot x4  
  55  13:07  Zealot  
  55  13:09  Zealot  
  67  13:30  Probe (Chrono Boost)  
  68  13:36  High Templar  
  68  13:37  High Templar  
  68  13:39  Zealot  
  68  13:40  Probe (Chrono Boost), Pylon  
  68  13:41  Nexus  
  75  13:43  Pylon  
  75  13:46  Nexus  
  75  13:47  Probe  
  76  13:53  Pylon  
  76  13:59  Probe  
  77  14:12  Probe  
  78  14:34  Assimilator  
  78  14:39  High Templar x3, Assimilator  
  84  14:49  Assimilator  
  84  14:54  Assimilator  
  84  15:01  Pylon  
  84  15:11  Probe x2  
  86  15:23  Probe x2  
  88  15:35  Probe x2  
  90  15:46  Blink (Chrono Boost)  
  90  15:47  Stalker x2, Probe x2  
  90  15:48  Stalker x2  
  90  15:49  Protoss Ground Weapons Level 3 (Chrono Boost)  
  98  15:50  Stalker x2  
  102  15:59  Probe x2  
  102  16:12  Probe x2  
  96  16:21  Stalker x2  
  96  16:22  Stalker x3  
  96  16:23  Stalker  
  108  16:43  Photon Cannon  
  108  16:46  Photon Cannon  
  108  16:50  Adept, Pylon  
  108  16:51  Adept x5  
  108  16:54  Pylon  
  120  16:57  Pylon  
  90  17:49  Adept x2  
  90  17:50  Adept x4  
  93  18:38  Stalker x3  
  93  18:39  Stalker x3  
  100  18:53  Protoss Shields Level 2  
  98  19:28  Stalker  
  98  19:29  Stalker x3  
  98  19:30  Stalker x2  
  98  20:02  Stalker  
  98  20:03  Stalker x2  
  98  20:04  Stalker x2  
  86  20:40  Adept  
  86  20:41  Adept x5  
  98  20:52  Probe  
  99  21:04  Probe  
  99  21:06  Adept x6  
  110  21:16  Probe  
  95  22:04  Protoss Shields Level 3 (Chrono Boost)  
  95  22:21  Stalker x5  
  95  22:22  Stalker  
  77  22:57  High Templar x4  
  77  22:58  High Templar x2  
  77  23:36  High Templar x6  
  83  23:54  Archon x2  
  83  23:55  Archon  
  67  24:23  Stalker  
  67  24:24  Stalker x5  
  74  24:57  Stalker x2  
  74  24:58  Stalker x4  
  81  26:09  Zealot  
  81  26:10  Zealot x4  
  91  27:05  Zealot  
  91  27:06  Zealot  
  61  29:08  Zealot x2  
  61  29:35  Zealot x2  
  46  30:09  High Templar x2  
  10  30:43  High Templar x2  
  10  30:49  Archon x2  
  14  31:23  High Templar x2  
  18  31:29  Archon  
  18  31:58  High Templar x2  
  22  32:04  Archon  
Show
View Real Time Build Order
Export as new Build Order

MrLard Terran 

Build Orders: Command Center First (CC) 

Get SALT Encoding   

  12  0:01  SCV  
  13  0:13  SCV  
  14  0:25  Supply Depot  
  14  0:27  SCV  
  15  0:46  SCV  
  16  0:59  Command Center  
  17  1:04  SCV  
  17  1:16  SCV  
  18  1:28  SCV  
  18  1:32  Barracks  
  19  1:34  Refinery  
  19  1:40  SCV  
  20  1:53  SCV  
  21  2:09  Command Center  
  21  2:12  SCV  
  22  2:18  Orbital Command  
  22  2:27  Orbital Command  
  22  2:28  Marine  
  23  2:47  Factory  
  23  2:50  Marine  
  24  3:01  SCV x2  
  26  3:09  Barracks Tech Lab, Ghost Academy  
  26  3:15  SCV x2  
  28  3:20  Orbital Command  
  28  3:22  Barracks  
  28  3:33  Marauder  
  30  3:36  SCV x2  
  30  3:39  Refinery, Widow Mine  
  34  3:46  SCV  
  36  3:48  SCV  
  36  3:59  Ghost  
  38  4:07  SCV  
  38  4:08  Orbital Command  
  38  4:09  SCV  
  40  4:22  SCV x2  
  42  4:27  Barracks Tech Lab  
  42  4:28  Barracks  
  42  4:30  Ghost  
  44  4:32  Engineering Bay  
  44  4:34  SCV  
  44  4:36  SCV  
  44  4:37  SCV  
  47  4:39  Barracks  
  47  4:40  Barracks  
  45  4:46  SCV  
  45  4:50  SCV x2  
  48  4:58  SCV, Starport  
  49  5:03  Combat Shields  
  49  5:11  SCV  
  49  5:12  SCV x2  
  52  5:23  SCV, Refinery  
  52  5:24  Refinery  
  53  5:29  Supply Depot  
  53  5:31  Supply Depot  
  53  5:34  Supply Depot  
  53  5:35  Starport Reactor  
  53  5:41  Ghost  
  53  5:42  SCV x3, Marine x3  
  61  5:49  Refinery  
  61  5:53  Ghost  
  61  5:54  SCV x3  
  66  5:57  Supply Depot  
  66  5:59  Supply Depot x2  
  66  6:06  SCV x3  
  69  6:11  Marine x3  
  69  6:12  Ghost  
  77  6:18  SCV x3  
  77  6:22  Refinery, Ghost  
  77  6:25  Supply Depot  
  79  6:29  Marine x3  
  79  6:30  SCV x3  
  85  6:37  Supply Depot  
  85  6:39  Supply Depot  
  85  6:40  Medivac, Marine  
  85  6:44  SCV x2  
  85  6:45  SCV  
  91  6:47  Marine x3  
  91  6:50  Ghost  
  96  6:56  SCV x2, Engineering Bay  
  96  6:57  SCV  
  96  6:58  Marine  
  100  7:05  Marine  
  100  7:07  Supply Depot  
  100  7:08  Supply Depot  
  101  7:10  Terran Infantry Armor Level 1  
  101  7:15  Medivac x2  
  105  7:24  Terran Infantry Weapons Level 1  
  105  7:26  Armory, SCV  
  105  7:27  SCV  
  105  7:29  Ghost  
  107  7:30  Ghost  
  107  7:31  Marine x2  
  113  7:41  Stimpack  
  111  7:58  Ghost  
  109  8:04  Medivac  
  109  8:05  Marine x2, Medivac  
  113  8:06  Marauder, Marine  
  118  8:17  Command Center  
  118  8:23  Marine x2  
  118  8:26  Ghost  
  119  8:27  Ghost  
  119  8:36  Marine  
  119  8:41  Marine x2  
  119  8:45  Medivac x2  
  125  8:53  Barracks  
  125  8:54  Marine  
  125  8:55  Barracks, Marine  
  126  8:56  Marine  
  126  8:59  Marine x2  
  119  9:11  Marine  
  119  9:13  Marine  
  119  9:14  Marine  
  119  9:17  Marine x2  
  122  9:18  Concussive Shells  
  122  9:29  Nuke, Marine  
  122  9:31  Terran Infantry Armor Level 2, Terran Infantry Weapons Level 2, Marine x2  
  123  9:34  Marine x2  
  123  9:36  Terran Ship Armor Level 1  
  123  9:37  Medivac x2  
  131  9:47  Marine  
  131  9:49  Marine x2  
  131  9:52  Supply Depot, Marine x2  
  134  9:53  Supply Depot x2  
  134  9:54  Supply Depot  
  134  9:56  Supply Depot, Orbital Command  
  136  10:01  Command Center  
  136  10:02  Command Center  
  136  10:05  Marine  
  137  10:08  Medivac  
  137  10:09  Medivac  
  137  10:11  Ghost x2  
  137  10:12  Marine x2  
  147  10:16  Supply Depot  
  147  10:23  Marine  
  148  10:29  Marine  
  148  10:30  Marine  
  150  10:39  Ghost  
  150  10:40  Ghost  
  150  10:41  Marine  
  155  10:47  Marine x2  
  157  10:58  Marine  
  158  11:08  Liberator x2  
  158  11:09  Marauder x2  
  160  11:17  Orbital Command  
  160  11:18  Orbital Command  
  160  11:24  Orbital Command  
  164  11:30  Marauder  
  164  11:31  Supply Depot  
  166  11:50  Liberator  
  166  11:51  Liberator  
  166  11:54  Ghost x2  
  166  11:55  Marine x3  
  175  12:13  Marine x3  
  154  12:22  Ghost  
  154  12:23  Ghost  
  152  12:30  Marine  
  152  12:33  Starport, Liberator x2  
  152  12:35  Starport  
  152  12:36  Starport  
  125  12:51  Factory Tech Lab  
  111  12:55  Refinery  
  111  12:57  Refinery  
  111  13:06  Fusion Core, Terran Ship Weapons Level 1  
  111  13:11  Armory, Liberator x2  
  111  13:14  Neosteel Frame  
  111  13:16  Liberator x2  
  111  13:28  Starport Tech Lab  
  117  13:42  Liberator  
  113  13:52  Command Center  
  113  13:53  Command Center  
  113  13:54  Liberator x2  
  112  13:59  Liberator x2  
  103  14:23  Orbital Command  
  89  14:25  Liberator  
  89  14:35  Orbital Command  
  89  14:37  Liberator x2  
  91  14:56  Ghost x2  
  91  14:58  Marine x3  
  102  15:01  Nuke  
  102  15:10  Siege Tank  
  105  15:16  Liberator x3, Marine x3  
  100  15:25  Marine x2  
  102  15:33  Marine  
  102  15:34  Marine x2  
  111  15:41  Unknown  
  111  15:44  Refinery  
  111  15:46  Refinery  
  111  15:51  Ghost Academy  
  111  15:53  Refinery  
  111  15:54  Refinery  
  104  17:25  Liberator x3  
  104  17:26  Liberator x2  
  105  17:50  Siege Tank  
  108  18:08  Liberator x5  
  118  18:51  Liberator x2  
  109  20:11  Ghost x2  
  109  20:14  Nuke x2  
  91  20:39  Ghost x2  
  95  21:08  Ghost x2  
  99  21:51  Marine x3  
  99  21:52  Marine x2  
  104  22:05  Battlecruiser  
  104  22:08  Viking x4  
  112  22:09  Marine x5  
  123  22:27  Personal Cloaking, Marine x5  
  121  22:38  Viking x4  
  122  22:45  Marine x5  
  122  23:02  Marine  
  122  23:03  Marine x4  
  123  23:08  Viking x2  
  123  23:10  Battlecruiser  
  126  23:20  Marine  
  126  23:21  Marine x3  
  126  23:34  SCV  
  126  23:35  SCV x4  
  131  23:42  Command Center  
  128  24:14  Battlecruiser  
  128  24:57  Marine x5  
  133  25:15  Marine x5  
  138  25:32  Marine  
  138  25:33  Marine x4  
  131  25:43  Medivac x4  
  131  25:48  Planetary Fortress  
  137  25:50  Marine  
  137  25:51  Marine x4  
  141  26:08  Marine x5  
  146  26:13  Medivac  
  119  27:27  Marine x5  
  110  27:44  Marine  
  110  27:45  Marine x4  
  110  27:46  Command Center  
  115  27:53  Command Center, Medivac  
  115  27:54  Medivac x2  
  113  28:02  Marine  
  113  28:03  Marine x4  
  110  28:20  Marine x5  
  108  28:38  Marine x5  
  110  28:56  Marine x5  
  112  29:14  Marine x5  
  107  29:31  Marine  
  107  29:32  Marine x4  
  109  29:49  Marine x2  
  109  29:50  Marine x3  
  111  30:07  Marine x5  
  116  30:25  Marine x5  
  121  30:43  Marine x5  
  126  31:00  Marine  
  126  31:01  Marine x4  
  128  31:18  Marine  
  128  31:19  Marine x4  
  100  32:09  Planetary Fortress  
Tags
 
Add a new tag
Caveats
  • Supply blocks, unpowered buildings, or Contaminate may cause inaccurate times.
  • Supply counts are checked every 10 seconds.